 Dungeon Crawl Stone Soup version 0.28-a0-461-g2dc4ca5097 (webtiles) character file.

Game seed: 10586465754083955593

166 Rennog the Skirmisher (level 5, 0/43 HPs)
             Began as a Formicid Fighter on Sept 13, 2021.
             Slain by an ogre (22 damage)
             ... on level 4 of the Dungeon.
             The game lasted 00:04:25 (2756 turns).

Rennog the Skirmisher (Formicid Fighter)            Turns: 2756, Time: 00:04:25

Health: 0/43       AC: 12    Str: 21    XL:     5   Next: 76%
Magic:  5/5        EV:  4    Int:  7    God:
Gold:   45         SH:  8    Dex: 11    Spells: 4/4 levels left

rFire   . . .      SeeInvis +   a - +0 long sword
rCold   . . .      Faith    .   n - +0 kite shield
rNeg    . . .      Spirit   .   i - +0 plate armour
rPois   .          Reflect  .   (helmet unavailable)
rElec   .          Harm     .   l - +0 cloak
rCorr   .          Rampage  .   (no gloves)
Will    .....                   (no boots)
Stlth   ..........              (no amulet)
HPRegen 0.14/turn               (no ring)
MPRegen 0.09/turn               (no ring)

@: mighty
A: permanent stasis, dig shafts and tunnels, antennae 3, four strong arms
a: Dig, Shaft Self


You were on level 4 of the Dungeon.
You visited 1 branch of the dungeon, and saw 4 of its levels.

You collected 45 gold pieces.

Inventory:

Hand Weapons
 a - a +0 long sword (weapon)
Armour
 i - a +0 plate armour (worn)
 l - a +0 cloak (worn)
 n - a +0 kite shield (worn)
Wands
 m - a wand of flame (19)
Scrolls
 b - a scroll of enchant armour {unknown}
 f - a scroll of teleportation {unknown}
 g - 2 scrolls of amnesia {unknown}
 j - a scroll of fog {unknown}
 k - a scroll of fear {unknown}
 o - a scroll of blinking {unknown}
 p - a scroll of vulnerability {unknown}
Potions
 c - a potion of heal wounds {unknown}
 e - a potion of brilliance {unknown}
 h - 2 potions of lignification {unknown}


   Skills:
 + Level 4.4 Fighting
 * Level 4.3 Long Blades
 - Level 3.7 Armour
 + Level 3.9 Shields


You had 4 spell levels left.
You didn't know any spells.
Your spell library contained the following spells:

 Spells                   Type           Power      Damage    Failure   Level
 Magic Dart               Conj           0%         1d3       100%        1
 Call Imp                 Summ           0%         N/A       100%        2
 Mephitic Cloud           Conj/Pois/Air  0%         N/A       100%        3


Dungeon Overview and Level Annotations

Branches:
Dungeon (4/15)
 Temple: D:4-7

Altars:
Yredelemnul

Shops:
D:2 ?

Annotations:
D:3 2 transporters, bearlyready's ghost, amateur GnCA


Innate Abilities, Weirdness & Mutations

You cannot be hasted, slowed, berserked, paralysed or teleported.
You can dig through walls and to a lower floor.
You have a pair of large antennae on your head. (SInv)
Your four strong arms can wield two-handed weapons with a shield.


Message History

a +0 dagger; a +0 robe An orc comes into view.
It is wielding a +0 trident.
The orc shouts!
The orc hits you but does no damage. The orc hits you with a +0 trident.
You barely miss the orc. The orc hits you but does no damage.
You slash the orc!
You kill the orc!
No target in view!
No target in view!
No target in view!
No target in view!
No target in view!
No target in view!
No target in view!
No target in view!
No target in view!
No target in view!
An ogre comes into view. It is wielding a +0 giant spiked club.
The ogre shouts!
Found a glowing white potion.
A goblin comes into view. It is wielding a +0 club.
The goblin shouts!
The ogre hits you with a +0 giant spiked club.
You hit the ogre but do no damage.
The ogre hits you with a +0 giant spiked club!
Things that are here:
a +0 dagger; a +0 robe An orc comes into view.
It is wielding a +0 hand axe.
The orc shouts!
You feel very mighty all of a sudden. You block the ogre's attack.
You barely miss the ogre.
You hear the slow rusting of a very distant drain.
You block the ogre's attack.
You slash the ogre!
The ogre is moderately wounded.
The ogre hits you with a +0 giant spiked club!!
Ouch! That really hurt!
You die...

#.$ [.. #.#g.# #.#
#.# #.#..# #.# #.#
#.#..# #.#
#.######.#..#
#.#######.##........#
#<...†......o...o..##
############.###g###
#.# #O# #.# #@# ..#
#.# #.# #.# #.# #.#
#.# #.# #.# #.# { ..#
####


You could see an ogre, an orc and a goblin.

Vanquished Creatures
  An orc wizard (D:4)
  An adder (D:2)
  4 gnolls (D:2)
  2 worms (D:2)
  2 dart slugs (D:3)
  7 orcs
  9 endoplasms
  8 goblins
  5 hobgoblins
  8 jackals
  4 kobolds
  5 quokkas
  5 ball pythons
  5 bats
  A frilled lizard (D:2)
  4 rats
71 creatures vanquished.

Notes
Turn   | Place    | Note
-------+----------+-------------------------------------------
     0 | D:1      | Rennog the Formicid Fighter began the quest for the Orb.
     0 | D:1      | Reached XP level 1. HP: 18/18 MP: 1/1
   315 | D:1      | Reached XP level 2. HP: 23/24 MP: 2/2
   534 | D:1      | Reached XP level 3. HP: 26/30 MP: 3/3
  1444 | D:2      | Reached XP level 4. HP: 30/37 MP: 4/4
  1887 | D:2      | Reached XP level 5. HP: 42/42 MP: 5/5
  1997 | D:2      | Found a basalt altar of Yredelemnul.
  2094 | D:2      | Found Berik's Magic Scroll Shoppe.
  2240 | D:3      | Found a transporter.
  2240 | D:3      | Noticed bearlyready's ghost (amateur GnCA)
  2278 | D:3      | Found a transporter.
  2421 | D:3      | Found a faded altar of an unknown god.
  2725 | D:4      | Noticed an ogre
  2756 | D:4      | Slain by an ogre

Illustrated notes

Levels and vault maps discovered:
D:1:      dpeg_arrival_oval, layout_basic
D:2:      layout_rooms, serial_shops, nicolae_square_shop, basic_altar
D:3:      layout_rooms, shapermc_ecumenical_altar_starsandcircs,
          gammafunk_ghost_mausoleum
D:4:      layout_loops_ring, minmay_temple_entry_slanted, portal_sewer_entry_f,
          uniq_menkaure

Skill      XL: |  1  2  3  4  5 |
---------------+----------------+-----
Long Blades    | 3 4 |  4.3
Fighting       | 4 |  4.4
Armour         | |  3.7
Shields        | |  3.9

Action                   |  1- 3 |  4- 6 || total
-------------------------+-------+-------++-------
Melee: Long sword        |   104 |   127 ||   231
  Use: Potion            |       |     1 ||     1
Armor: Scale mail        |    31 |       ||    31
       Plate armour      |    36 |    94 ||   130
Dodge: Dodged            |    35 |    29 ||    64
Block: Buckler           |    28 |     8 ||    36
       Kite shield       |       |    38 ||    38

Table legend: (Time is in decaauts)
 A = Elapsed time spent in this place.
 B = Non-inter-level travel time spent in this place.
 C = Inter-level travel time spent in this place.
 D = Time resting spent in this place.
 E = Time spent auto-exploring this place.
 F = Levels seen in this place.
 G = Mean time per level.
                   A        B        C        D        E       F      G
               +--------+--------+--------+--------+--------+-----+--------+
         Total |   2823 |   2677 |    146 |    261 |   1785 |   4 |  705.8 |
       Dungeon |   2823 |   2677 |    146 |    261 |   1785 |   4 |  705.8 |
               +--------+--------+--------+--------+--------+-----+--------+

Top non-repeatable levels by time:
     D:1: 1372 daAuts
     D:2: 797 daAuts
     D:3: 551 daAuts
     D:4: 102 daAuts
